 Dungeon Crawl Stone Soup version 0.28.0-43-g3370ac3207 (webtiles) character file.

Game seed: 13556563140443112982

244 fknight the Shield-Bearer (level 6, -8/53 HPs)
             Began as a Gnoll Fighter on Mar 6, 2022.
             Killed by divine providence
             ... invoked by an orc priest
              (16 damage)
             ... on level 4 of the Dungeon.
             The game lasted 00:08:46 (2794 turns).

fknight the Shield-Bearer (Gnoll Fighter)           Turns: 2794, Time: 00:08:47

Health: -8/53      AC: 14    Str: 18    XL:     6   Next: 10%
Magic:  8/8        EV:  7    Int:  7    God:
Gold:   79         SH:  5    Dex: 11    Spells: 8/8 levels left

rFire   . . .      SeeInvis .   a - +2 trident
rCold   . . .      Faith    .   c - +0 buckler
rNeg    . . .      Spirit   .   l - +0 chain mail
rPois   .          Reflect  .   m - +0 helmet
rElec   .          Harm     .   (no cloak)
rCorr   .          Rampage  .   (no gloves)
Will    .....                   u - +1 pair of boots
Stlth   ..........              (no amulet)
HPRegen 0.17/turn               (no ring)
MPRegen 0.11/turn               (no ring)

@: no status effects
A: fangs 1, strong nose, distributed training
a: no special abilities


You were on level 4 of the Dungeon.
You visited 1 branch of the dungeon, and saw 4 of its levels.

You collected 79 gold pieces.

Inventory:

Hand Weapons
 a - a +2 trident (weapon)
 q - a +0 hunting sling
Missiles
 b - 47 arrows
 e - 49 bolts
 h - 60 stones (quivered)
 n - 4 silver boomerangs
 t - 8 boomerangs
 w - 19 sling bullets
Armour
 c - a +0 buckler (worn)
 l - a +0 chain mail (worn)
 m - a +0 helmet (worn)
 u - a +1 pair of boots (worn)
Jewellery
 f - an amulet of faith
Scrolls
 i - 2 scrolls of teleportation
Potions
 d - a potion of might
 g - a potion of mutation {unknown}
 j - a potion of flight
 k - a potion of curing
 o - a potion of invisibility
 p - a potion of berserk rage
 r - 2 potions of resistance {unknown}
 s - a potion of magic {unknown}
 v - a potion of lignification {unknown}


   Skills:
 + Level 6.8 Fighting
 + Level 1.8 Short Blades
 + Level 1.8 Long Blades
 + Level 1.8 Axes
 + Level 1.8 Maces & Flails
 + Level 4.9 Polearms
 + Level 1.8 Staves
 + Level 1.8 Slings
 + Level 1.8 Bows
 + Level 1.8 Crossbows
 + Level 1.8 Throwing
 + Level 6.8 Armour
 + Level 1.8 Dodging
 + Level 1.8 Stealth
 + Level 6.8 Shields
 + Level 1.8 Unarmed Combat
 + Level 1.8 Spellcasting
 + Level 1.4 Conjurations
 + Level 1.4 Hexes
 + Level 1.4 Summonings
 + Level 1.4 Necromancy
 + Level 1.4 Translocations
 + Level 1.4 Transmutations
 + Level 1.4 Fire Magic
 + Level 1.4 Ice Magic
 + Level 1.4 Air Magic
 + Level 1.4 Earth Magic
 + Level 1.4 Poison Magic
 + Level 2.0 Invocations
 + Level 1.8 Evocations


You had 8 spell levels left.
You didn't know any spells.
Your spell library was empty.

Dungeon Overview and Level Annotations

Branches:
Dungeon (4/15)
 Temple: D:4-7

Altars:
Trog


Innate Abilities, Weirdness & Mutations

You have very sharp teeth.
Your uncanny sense of smell can sniff out nearby items.
Your experience applies equally to all skills.


Message History

The orc wizard gestures at you while chanting.
The magic dart hits you but does no damage.
The orc priest calls down the wrath of Beogh upon you.
Beogh smites you!
* * * LOW HITPOINT WARNING * * *
You hit the orc wizard.
The orc wizard is heavily wounded.
The orc wizard hits you but does no damage.
The orc priest hits you but does no damage.
The orc wizard hits you but does no damage.
You hit the orc wizard.
The orc wizard is severely wounded.
The orc priest hits you with a +0 whip.
* * * LOW HITPOINT WARNING * * *
The orc wizard casts a spell at you. You resist with some effort.
You barely miss the orc wizard.
The orc wizard is severely wounded.
The orc priest hits you with a +0 whip.
* * * LOW HITPOINT WARNING * * *
The orc wizard barely misses you.
You puncture the orc wizard!
You kill the orc wizard!
Your Invocations skill increases to level 2!
You have reached level 6!
You closely miss the orc priest. The orc priest closely misses you.
The orc hits you but does no damage.
You barely miss the orc priest.
The orc priest hits you but does no damage.
The orc barely misses you.
You hit the orc priest.
The orc priest is moderately wounded.
The orc priest closely misses you. You block the orc's attack.
The orc priest barely misses you.
You barely miss the orc priest.
The orc priest is moderately wounded.
The orc hits you but does no damage.
The orc priest invokes the aid of Beogh against you.
Beogh smites you!
You die...

..#.....#.#.####.....# #.#
##...# ..'.....#.#.#
#....o# #.. ....#
..#.......#.# #####.#####
##.#.. #.#.....###.# #...#
#. .. #.#......##.# ###.#
#. .. #......#....# ##.###
#. ..
###..#.###..#########....#
#...........<#oo.......#
#....###..#..#@####....#
#.#..........#.# #....#
#............#.# #....#
#####....###.###.# #....#
#.....#'####.# #.# ######
#...^.'...##.# #.#
#.....#.#.##.###.###
#.....#.#.##.......#
#.....#)#..........#


You could see an orc priest and an orc.

Vanquished Creatures
  A phantom (D:4)
  A water moccasin skeleton (D:3)
  A hound (D:4)
  An orc wizard (D:4)
  An adder (D:2)
  A dart slug (D:2)
  An orc (D:3)
  6 ball pythons
  4 bats
  5 endoplasms
  A giant cockroach (D:4)
  5 goblins
  8 hobgoblins
  6 kobolds
  3 quokkas
  6 frilled lizards
  13 rats
64 creatures vanquished.

Notes
Turn   | Place    | Note
-------+----------+-------------------------------------------
     0 | D:1      | fknight the Gnoll Fighter began the quest for the Orb.
     0 | D:1      | Reached XP level 1. HP: 23/23 MP: 1/1
    90 | D:1      | Found a faded altar of an unknown god.
   114 | D:1      | Reached XP level 2. HP: 29/29 MP: 2/2
   957 | D:2      | Reached XP level 3. HP: 23/35 MP: 2/4
  1115 | D:2      | Found a bloodstained altar of Trog.
  1154 | D:2      | Reached skill level 1 in Invocations
  1266 | D:2      | Reached skill level 1 in Short Blades
  1266 | D:2      | Reached skill level 1 in Long Blades
  1266 | D:2      | Reached skill level 1 in Axes
  1266 | D:2      | Reached skill level 1 in Maces & Flails
  1266 | D:2      | Reached skill level 1 in Staves
  1266 | D:2      | Reached skill level 1 in Slings
  1266 | D:2      | Reached skill level 1 in Bows
  1266 | D:2      | Reached skill level 1 in Crossbows
  1266 | D:2      | Reached skill level 1 in Throwing
  1266 | D:2      | Reached skill level 1 in Dodging
  1266 | D:2      | Reached skill level 1 in Stealth
  1266 | D:2      | Reached skill level 1 in Unarmed Combat
  1266 | D:2      | Reached skill level 1 in Spellcasting
  1266 | D:2      | Reached skill level 1 in Evocations
  1809 | D:3      | Reached XP level 4. HP: 36/41 MP: 5/5
  2002 | D:3      | Reached skill level 1 in Conjurations
  2002 | D:3      | Reached skill level 1 in Hexes
  2002 | D:3      | Reached skill level 1 in Summonings
  2002 | D:3      | Reached skill level 1 in Necromancy
  2002 | D:3      | Reached skill level 1 in Translocations
  2002 | D:3      | Reached skill level 1 in Transmutations
  2002 | D:3      | Reached skill level 1 in Fire Magic
  2002 | D:3      | Reached skill level 1 in Ice Magic
  2002 | D:3      | Reached skill level 1 in Air Magic
  2002 | D:3      | Reached skill level 1 in Earth Magic
  2002 | D:3      | Reached skill level 1 in Poison Magic
  2566 | D:4      | Reached XP level 5. HP: 47/47 MP: 6/6
  2734 | D:4      | Noticed a phantom
  2751 | D:4      | Killed a phantom
  2791 | D:4      | Reached XP level 6. HP: 7/53 MP: 8/8
  2794 | D:4      | Killed from afar by an orc priest

Illustrated notes

Levels and vault maps discovered:
D:1:      minmay_arrival_doors, layout_basic,
          hellmonk_ecumenical_altar_heavens_door, minmay_rat_gold_closets
D:2:      layout_basic, basic_altar, interstate_on_off
D:3:      layout_loops_cross
D:4:      layout_basic, makhleb_altar_promises_db, biasface_ghost_orc_armoury,
          uniq_blork_the_orc

Skill      XL: |  1  2  3  4  5 |
---------------+----------------+-----
Invocations    | 1 2 |  2.0
Short Blades   | 1 |  1.8
Long Blades    | 1 |  1.8
Axes           | 1 |  1.8
Maces & Flails | 1 |  1.8
Staves         | 1 |  1.8
Slings         | 1 |  1.8
Bows           | 1 |  1.8
Crossbows      | 1 |  1.8
Throwing       | 1 |  1.8
Dodging        | 1 |  1.8
Stealth        | 1 |  1.8
Unarmed Combat | 1 |  1.8
Spellcasting   | 1 |  1.8
Evocations     | 1 |  1.8
Conjurations   | 1 |  1.4
Hexes          | 1 |  1.4
Summonings     | 1 |  1.4
Necromancy     | 1 |  1.4
Translocations | 1 |  1.4
Transmutations | 1 |  1.4
Fire Magic     | 1 |  1.4
Ice Magic      | 1 |  1.4
Air Magic      | 1 |  1.4
Earth Magic    | 1 |  1.4
Poison Magic   | 1 |  1.4
Fighting       | |  6.8
Polearms       | |  4.9
Armour         | |  6.8
Shields        | |  6.8

Action                   |  1- 3 |  4- 6 || total
-------------------------+-------+-------++-------
Melee: Trident           |   132 |    79 ||   211
       Bite              |     7 |     8 ||    15
  Use: Scroll            |     7 |     3 ||    10
       Potion            |       |     1 ||     1
Armor: Scale mail        |    30 |       ||    30
       Chain mail        |    22 |    38 ||    60
Dodge: Dodged            |    32 |    17 ||    49
Block: Buckler           |    23 |    17 ||    40
